 Dungeon Crawl Stone Soup version 0.31-a0-188-g5e087ee2ca (webtiles) character file.

Game seed: 3330976503220774800

29 qw the Shooter (level 3, -3/20 HPs)
             Began as a Deep Elf Hunter on June 23, 2023.
             Slain by Sigmund
             ... wielding a +2 scythe of venom
              (11 damage)
             ... on level 2 of the Dungeon.
             The game lasted 00:00:17 (959 turns).

qw the Shooter (Deep Elf Hunter)                     Turns: 959, Time: 00:00:18

Health: -3/20      AC:  6    Str: 10    XL:     3   Next: 1%
Magic:  5/5        EV: 12    Int: 13    God:
Gold:   71         SH:  0    Dex: 18    Spells: 2/2 levels left

rFire   . . .        Y - +0 shortbow
rCold   . . .        (shield currently unavailable)
rNeg    . . .        c - +0 leather armour
rPois   .            e - +2 helmet
rElec   .            (no cloak)
rCorr   .            (no gloves)
SInv    .            (no boots)
Will    .....        (no amulet)
Stlth   ++           (no ring)
HPRegen 0.23/turn    (no ring)
MPRegen 0.09/turn

%: no passive effects
@: lethally poisoned (-3 -> -6)
A: no striking features
a: no special abilities


You were on level 2 of the Dungeon.
You visited 1 branch of the dungeon, and saw 2 of its levels.

You collected 71 gold pieces.


   Skills:
 - Level 1.5 Fighting
 + Level 6.6 Ranged Weapons
 - Level 2.4 Dodging
 - Level 1.2 Stealth


You had 2 spell levels left.
You didn't know any spells.
Your spell library was empty.

Inventory:

Hand Weapons
 Y - a +0 shortbow (weapon)
Armour
 c - a +0 leather armour (worn)
 e - a +2 helmet (worn)
Scrolls
 a - a scroll of identify
Potions
 b - a potion of invisibility {unknown}
 d - a potion of curing {unknown}
 f - a potion of enlightenment

Dungeon Overview and Level Annotations

Branches:
Dungeon (2/15)

Altars:

Shops:
D:1 (

Annotations:
D:2 Sigmund


Message History

Enter note: You shoot an arrow.
The arrow hits the ball python!
You kill the ball python!
Found a stone staircase leading down.
Enter note:
Enter note: A giant cockroach comes into view.
Enter note:
Enter note: You shoot an arrow.
The arrow hits the giant cockroach.
You kill the giant cockroach!
You have reached level 3!
Your experience leads to an increase in your attributes!
Increase (S)trength, (I)ntelligence, or (D)exterity?
You feel stronger. x2
Sigmund the Dreaded comes into view.
He is wielding a +2 scythe of venom.
Sigmund shouts!
You hear a shout!
Enter note:
Enter note: You shoot an arrow.
The arrow closely misses Sigmund.
You shoot an arrow. The arrow hits Sigmund!
Sigmund is moderately wounded.
You shoot an arrow. The arrow closely misses Sigmund.
You shoot an arrow. The arrow hits Sigmund.
Sigmund is moderately wounded.
A kobold comes into view. It is wielding a +0 dagger.
Sigmund casts a spell at you.
You are confused.
The kobold throws a stone.
The stone closely misses you.
Sigmund hits you from afar with a +2 scythe of venom.
You are poisoned.
You feel sick.
Sigmund hits you from afar with a +2 scythe of venom!
You feel sick.
You feel less confused.
You feel sick.
Sigmund says, "Look into my eyes."
Sigmund hits you from afar with a +2 scythe of venom!
Ouch! That really hurt!
You die...

#. #.# .... #.. #.#
..... #... #.#......
#... #%#......
###...##.#K.....
........>#@.....
................
........@....###
................
..............##
..............#
#######..####.#
..........#####..####.#
......................#
..........#####..######
........ #..#


You could see Sigmund and a kobold.

Vanquished Creatures
  3 ball pythons
  4 endoplasms
  A giant cockroach (D:2)
  3 hobgoblins
  4 jackals (D:1)
  A quokka (D:1)
  2 bats
  3 kobolds (D:1)
  4 rats
25 creatures vanquished.

Notes
Turn   | Place    | Note
-------+----------+-------------------------------------------
     0 | D:1      | qw the Deep Elf Hunter began the quest for the Orb.
     0 | D:1      | Reached XP level 1. HP: 12/12 MP: 3/3
     0 | D:1      | 0 ||| qw: Version: 0.3-a-9-g12657ce
     0 | D:1      | 0 ||| qw: Game counter: 4009
     0 | D:1      | 0 ||| qw: Always use a shield: true
     0 | D:1      | 0 ||| qw: God list: Okawaru
     0 | D:1      | 0 ||| qw: Allow faded altars: false
     0 | D:1      | 0 ||| qw: Do Orc after D:15 true
     0 | D:1      | 0 ||| qw: Do second Lair branch before Depths: true
     0 | D:1      | 0 ||| qw: Lair rune preference: random
     0 | D:1      | 0 ||| qw: Plans: Normal
     0 | D:1      | 0 ||| PLANNING D:1-11
   158 | D:1      | Reached XP level 2. HP: 16/16 MP: 4/4
   165 | D:1      | Reached skill level 6 in Ranged Weapons
   169 | D:1      | HP: 4/16 [jackal (3)]
   172 | D:1      | HP: 1/16 [jackal (1)]
   567 | D:1      | Found Omeomy's Antique Weapon Shoppe.
   758 | D:1      | 758 ||| UPGRADING to +2 helmet.
   763 | D:1      | 763 ||| READING 2 scrolls labelled JUECHI BOBIUSK.
   764 | D:1      | 764 ||| READING scroll labelled KAVUDOQAUM.
   765 | D:1      | 765 ||| DRINKING 2 grey potions.
   766 | D:1      | 766 ||| DROPPING scroll of butterflies.
   948 | D:2      | Reached XP level 3. HP: 20/20 MP: 5/5
   950 | D:2      | Noticed Sigmund
   959 | D:2      | Slain by Sigmund

Levels and vault maps discovered:
D:1:      scummos_arrival_forest, layout_basic, serial_shops,
          nicolae_diamond_shop
D:2:      layout_basic, uniq_sigmund, uniq_terence

Skill      XL: |  1  2 |
---------------+-------+-----
Ranged Weapons | 6 |  6.6
Fighting       | |  1.5
Dodging        | |  2.4
Stealth        | |  1.2

Action                     || total
---------------------------++-------
   Fire: Shortbow          ||    64
    Use: Scroll            ||     2
         Potion            ||     1
 Armour: Leather armour    ||     8
  Dodge: Dodged            ||    31

Table legend:
 A = Non-vault XP
 B = Vault XP
 C = Vault XP percentage of total XP
 D = Non-vault monster count
 E = Vault monster count
 F = Vault count percentage of total count
                 A         B        C        D         E       F
            +---------+---------+-------+---------+---------+-------
      Total |      42 |       0 |   0.0 |      25 |       0 |   0.0
            +---------+---------+-------+---------+---------+-------
        D:1 |      30 |       0 |   0.0 |      18 |       0 |   0.0
        D:2 |      12 |       0 |   0.0 |       7 |       0 |   0.0
            +---------+---------+-------+---------+---------+-------
